 Dungeon Sprint DCSS version 0.19.1-1-g22dce08 (webtiles) character file.

8 Slime the Slasher (level 2, -8/26 HPs)
             Began as a Minotaur Fighter on Jan 1, 2017.
             Was an Initiate of Okawaru.
             Mangled by an orc warrior
             ... wielding a cursed -2 mace
              (16 damage)
             ... in the Dungeon (Sprint VII: "The Pits").
             The game lasted 00:01:09 (131 turns).

Slime the Slasher (Minotaur Fighter)                 Turns: 131, Time: 00:01:09

Health: -8/26      AC:  6    Str: 20    XL:     2   Next: 0%
Magic:  1/1        EV:  7    Int:  5    God:    Okawaru [......]
Gold:   0          SH:  9    Dex:  9    Spells: 0 memorised, 1 level left

rFire  . . .     SeeInvis .     l - +2 falchion (slice)
rCold  . . .     Gourm    .     b - +0 scale mail
rNeg   . . .     Faith    .     c - +0 shield
rPois  .         Spirit   .     (helmet restricted)
rElec  .         Reflect  .     (no cloak)
rCorr  .         Harm     .     (no gloves)
MR     .....     NoTele   +     (no boots)
Stlth  ..........               (no amulet)
                                (no ring)
                                (no ring)

@: no status effects
A: retaliatory headbutt, horns 2
a: Renounce Religion


You were in the Dungeon.
You worshipped Okawaru.
Okawaru was noncommittal.
You were not hungry.

You visited 1 branch

Inventory:

Hand Weapons
 a - a +0 trident
 l - a +2 falchion of slicing (weapon)
Armour
 b - a +0 scale mail (worn)
 c - a +0 shield (worn)
Scrolls
 k - a scroll of blinking
Potions
 d - a potion of might
 g - a potion of heal wounds
 h - a potion of haste
 i - 2 potions of magic
 j - a potion of berserk rage
Comestibles
 f - a bread ration


   Skills:
 - Level 3.6 Fighting
 + Level 4.0 Long Blades
 - Level 3.2 Polearms
 - Level 3.6 Armour
 - Level 3.6 Shields


You had one spell level left.
You didn't know any spells.

Dungeon Overview and Level Annotations

Branches:
Dungeon (1/1)

Altars:
Ashenzari
Cheibriados
Dithmenos
Elyvilon
Fedhas
Gozag
Hepliaklqana
Kikubaaqudgha
Makhleb
Nemelex Xobeh
Okawaru
Qazlal
Ru
Sif Muna
Trog
Uskayaw
Vehumet
Xom
Yredelemnul
Zin
The Shining One
Beogh
Jiyva
Lugonu


Innate Abilities, Weirdness & Mutations

You reflexively headbutt those who attack you in melee.
You have a pair of horns on your head.


Message History

The orc warrior is severely wounded.
The orc warrior hits you with an enchanted mace!
You hit the orc warrior but do no damage.
The orc warrior is severely wounded.
You block the orc warrior's attack.
You hit the orc warrior.
The orc warrior is almost dead.
The orc warrior barely misses you.
Your shield and scale mail prevent you from hitting the orc warrior.
Your headbutt misses the orc warrior.
The orc warrior is almost dead.
The orc warrior hits you with an enchanted mace!
* * * LOW HITPOINT WARNING * * *
You feel better.
The orc warrior hits you with an enchanted mace!
You closely miss the orc warrior.
The orc warrior is almost dead.
The orc warrior hits you with an enchanted mace!
Ouch! That really hurt!
You die...

#)#####+#####.....
#.# #..... #.#
####'# #.# #.....
#.# #..... #.#
#..... #.# #...<.
#.# #..... #@#
#..... #o# #.....
#l{.{...# ######
#.###...# #.# .#
#.# #.. #.. #..


You could see an orc warrior and a frilled lizard.

Vanquished Creatures
  A worm (D)
  2 orcs (D)
  A bat (D)
4 creatures vanquished.

Notes
Turn   | Place    | Note
-------+----------+-------------------------------------------
     0 | D        | Slime the Minotaur Fighter began the quest for the Orb.
     0 | D        | Reached XP level 1. HP: 19/19 MP: 0/0
    32 | D        | Found a radiant altar of Vehumet.
    32 | D        | Found a hide-covered altar of Uskayaw.
    32 | D        | Found an ancient bone altar of Kikubaaqudgha.
    32 | D        | Found a viscous altar of Jiyva.
    32 | D        | Found a hazy altar of Hepliaklqana.
    33 | D        | Found a bloodstained altar of Trog.
    33 | D        | Found a deep blue altar of Sif Muna.
    33 | D        | Found a sacrificial altar of Ru.
    33 | D        | Found a stormy altar of Qazlal.
    33 | D        | Found an iron altar of Okawaru.
    33 | D        | Found a sparkling altar of Nemelex Xobeh.
    33 | D        | Found an opulent altar of Gozag.
    33 | D        | Found a blossoming altar of Fedhas.
    33 | D        | Found a white marble altar of Elyvilon.
    33 | D        | Found a shadowy altar of Dithmenos.
    33 | D        | Found a snail-covered altar of Cheibriados.
    34 | D        | Found a glowing golden altar of the Shining One.
    34 | D        | Found a glowing silver altar of Zin.
    35 | D        | Found a burning altar of Makhleb.
    35 | D        | Found a basalt altar of Yredelemnul.
    35 | D        | Found a roughly hewn altar of Beogh.
    36 | D        | Found a corrupted altar of Lugonu.
    36 | D        | Found a shimmering altar of Xom.
    36 | D        | Found a shattered altar of Ashenzari.
    43 | D        | Became a worshipper of Warmaster Okawaru
    75 | D        | Noticed a sky beast
    76 | D        | Noticed an orc warrior
    90 | D        | Reached skill level 2 in Long Blades
   102 | D        | Reached skill level 3 in Long Blades
   105 | D        | Noticed a crimson imp
   121 | D        | Reached skill level 4 in Long Blades
   121 | D        | Reached XP level 2. HP: 21/26 MP: 1/1
   131 | D        | Mangled by an orc warrior

Skill      XL: |  1 |
---------------+----+-----
Polearms       | 3 |  3.2
Long Blades    | 4 |  4.0
Fighting       | |  3.6
Armour         | |  3.6
Shields        | |  3.6

Action                   || total
-------------------------++-------
Melee: Falchion          ||    24
       Trident           ||     1
       Headbutt          ||     1
  Use: Potion            ||     1
Armor: Scale mail        ||     5
Dodge: Dodged            ||     5
Block: Shield            ||     8
